Map: Frozen Temple

Players

YEAH

  • Race: Zerg Zerg
  • League: Master

Miszu - Winner!

  • Race: Terran Terran
  • League: Master

VOD

Have the link to the VOD?

Description

Time

  • Played on: June 26, 2016, 11:16 a.m.
  • Length: 7:58
Show
View Real Time Build Order
Export as new Build Order

YEAH Zerg 

Build Orders: Hatch First 

Get SALT Encoding   

  12  0:01  Drone  
  13  0:12  Overlord  
  13  0:17  Drone  
  14  0:31  Drone x2  
  14  0:35  Drone  
  17  0:45  Drone  
  18  0:57  Hatchery  
  17  1:00  Drone  
  17  1:01  Extractor  
  17  1:08  Drone  
  18  1:17  Spawning Pool  
  17  1:21  Drone  
  18  1:28  Drone  
  19  1:39  Overlord  
  19  1:50  Drone  
  20  2:00  Drone  
  21  2:03  Metabolic Boost  
  21  2:04  Queen  
  23  2:09  Zergling x2, Queen  
  23  2:12  Zergling x2  
  27  2:20  Drone  
  28  2:26  Spine Crawler  
  28  2:28  Drone  
  27  2:34  Overlord  
  27  2:35  Drone  
  28  2:42  Drone  
  29  2:49  Overlord  
  30  2:58  Drone x2  
  31  3:06  Overlord  
  31  3:07  Drone  
  31  3:12  Roach Warren  
  31  3:13  Drone  
  31  3:14  Drone x2  
  31  3:16  Extractor, Drone  
  31  3:19  Drone x2  
  36  3:22  Drone  
  36  3:26  Drone  
  38  3:33  Drone x2  
  39  3:45  Drone  
  40  3:51  Lair  
  40  3:52  Hatchery  
  40  3:53  Drone  
  40  3:56  Extractor  
  40  3:57  Drone  
  40  3:59  Extractor, Drone  
  40  4:03  Drone  
  40  4:08  Drone x2  
  43  4:13  Drone x3  
  46  4:23  Overlord  
  46  4:24  Drone  
  46  4:25  Drone x2  
  49  4:36  Evolution Chamber  
  49  4:37  Evolution Chamber  
  47  4:40  Roach x3  
  53  4:48  Drone  
  53  4:51  Infestation Pit  
  53  4:53  Drone x2  
  53  4:55  Roach x3  
  59  5:00  Roach x2  
  64  5:07  Roach  
  64  5:12  Roach x2  
  58  5:20  Roach  
  60  5:23  Roach  
  60  5:25  Drone  
  63  5:31  Roach  
  63  5:32  Drone  
  66  5:38  Ravager  
  66  5:42  Overlord  
  59  5:49  Spore Crawler  
  58  5:51  Ravager  
  58  5:53  Ravager x4  
  64  6:04  Roach x2  
  64  6:07  Roach  
  64  6:10  Drone  
  68  6:17  Overseer  
  65  6:19  Drone  
  65  6:23  Drone  
  65  6:24  Drone  
  68  6:29  Roach  
  68  6:32  Drone  
  71  6:39  Drone  
  72  6:44  Overlord  
  72  6:46  Roach  
  74  6:54  Roach x2  
  78  6:59  Drone  
  78  7:00  Roach  
  82  7:01  Drone  
  82  7:06  Roach  
  85  7:08  Drone  
  85  7:13  Roach  
  85  7:15  Roach  
  89  7:18  Drone  
  90  7:29  Overlord  
  90  7:31  Overlord x2  
Show
View Real Time Build Order
Export as new Build Order

Miszu Terran - Winner!

Build Orders: Reaper Expand 

Get SALT Encoding   

  12  0:00  SCV  
  13  0:12  SCV  
  14  0:17  Supply Depot  
  14  0:25  SCV  
  15  0:39  Barracks, SCV  
  16  0:44  Refinery  
  16  0:51  SCV  
  17  1:03  SCV  
  18  1:15  SCV  
  19  1:26  Reaper  
  19  1:28  Orbital Command  
  20  1:41  Command Center  
  20  1:52  Supply Depot  
  20  1:53  SCV  
  22  2:05  SCV  
  22  2:06  Barracks Reactor  
  22  2:07  Refinery  
  22  2:18  SCV  
  22  2:21  Factory  
  23  2:30  SCV  
  24  2:42  Marine x2, SCV  
  27  2:54  SCV  
  28  2:58  Orbital Command  
  28  3:00  Marine x2  
  30  3:06  SCV, Factory Tech Lab  
  30  3:07  Supply Depot  
  30  3:08  Starport  
  30  3:10  Factory Reactor  
  31  3:18  Marine x2, SCV  
  34  3:24  SCV  
  35  3:30  SCV  
  35  3:31  Supply Depot  
  36  3:36  Marine, SCV  
  36  3:39  Marine  
  39  3:42  SCV  
  41  3:48  SCV  
  41  3:53  Widow Mine  
  41  3:54  SCV  
  44  3:56  Medivac x2  
  44  3:57  Marine  
  44  3:59  Marine  
  44  4:01  SCV  
  51  4:06  SCV  
  51  4:08  Supply Depot  
  52  4:13  SCV  
  53  4:18  Marine x2  
  53  4:19  SCV  
  56  4:27  Command Center  
  56  4:30  Liberator  
  56  4:31  Liberator  
  56  4:32  Supply Depot  
  56  4:33  Factory Tech Lab, SCV  
  56  4:34  SCV  
  58  4:39  Refinery  
  58  4:40  Refinery  
  58  4:51  SCV x2  
  64  5:17  Marine x2  
  64  5:18  Siege Tank, Liberator  
  67  5:22  Barracks, Liberator, SCV  
  67  5:23  Barracks, SCV  
  67  5:24  Engineering Bay  
  67  5:26  Engineering Bay  
  68  5:34  SCV  
  68  5:35  Marine  
  76  5:47  SCV  
  76  5:48  SCV  
  79  5:52  Orbital Command  
  79  5:53  Terran Infantry Weapons Level 1, Terran Infantry Armor Level 1  
  78  6:00  Siege Tank  
  78  6:01  SCV  
  78  6:03  SCV  
  83  6:05  Marine x2  
  85  6:13  SCV  
  85  6:15  SCV  
  84  6:19  Barracks Tech Lab x2  
  84  6:23  Barracks  
  84  6:25  Barracks, Orbital Command  
  84  6:35  Marine x2  
  84  6:42  Factory Reactor  
  84  6:46  Marine x2  
  86  6:50  Barracks, SCV  
  86  6:51  Barracks, SCV x2  
  86  6:52  Barracks  
  86  6:54  Marine  
  86  6:55  Marine  
  88  7:04  Marine, Marauder  
  91  7:09  Supply Depot  
  91  7:10  Supply Depot x2  
  91  7:12  Marine x2  
  93  7:30  Marine x6  
  93  7:36  Marine  
Tags
 
Add a new tag
Caveats
  • Supply blocks, unpowered buildings, or Contaminate may cause inaccurate times.
  • Supply counts are checked every 10 seconds.